TOP OF THE 1ST |
Detroit Tigers batting - Pitching for Houston Astros : LHP Blake Snell
|
Pitching: LHP Blake Snell
|
|
Batting: RHB Jean Segura
|
0-0: Ball 1-0: Ball 2-0: Ground out 4-3 (Groundball, 4)
|
Batting: RHB Starling Marte
|
0-0: Called Strike 0-1: Foul Ball, location: 2F 0-2: Foul Ball, location: 2F 0-2: Fly out, F7 (Flyball, 7S)
|
Batting: RHB Jake Marisnick
|
0-0: Ball 1-0: Ball 2-0: Called Strike 2-1: Called Strike 2-2: Foul Ball, location: 2F 2-2: SINGLE (Groundball, 56D)
|
Batting: RHB Khris Davis
|
0-0: Called Strike Jake Marisnick steals 2nd base 0-1: Ball 1-1: 2-RUN HOME RUN (Flyball, 7LD), Distance : 353 ft
|
Batting: RHB Aaron Altherr
|
0-0: Ball 1-0: Called Strike 1-1: Swinging Strike 1-2: Ball 2-2: Ball 3-2: SINGLE (Line Drive, 9S)
|
Batting: RHB J.T. Realmuto
|
0-0: Called Strike 0-1: Fly out, F5 (Line Drive, 5)
|
Top of the 1st over - 2 runs, 3 hits, 0 errors, 1 left on base; Detroit 2 - Houston 0 |
BOTTOM OF THE 1ST |
Houston Astros batting - Pitching for Detroit Tigers : RHP Mike Clevinger
|
Pitching: RHP Mike Clevinger
|
|
Batting: LHB Bradley Zimmer
|
0-0: Called Strike 0-1: Ball 1-1: Ball 2-1: Fly out, F4 (Line Drive, 4)
|
Batting: RHB Xander Bogaerts
|
0-0: Called Strike 0-1: Foul Ball, location: 2F 0-2: Ball 1-2: Ball 2-2: Fly out, F8 (Flyball, 8LS)
|
Batting: LHB Rougned Odor
|
0-0: Fly out, F9 (Flyball, 9D)
|
Bottom of the 1st over - 0 runs, 0 hits, 0 errors, 0 left on base; Detroit 2 - Houston 0 |
TOP OF THE 2ND |
Detroit Tigers batting - Pitching for Houston Astros : LHP Blake Snell
|
Batting: LHB Pedro Alvarez
|
0-0: DOUBLE (Flyball, 89D)
|
Batting: LHB Kolten Wong
|
0-0: Called Strike 0-1: Ball 1-1: SINGLE (Line Drive, 78S) Pedro Alvarez to third
|
Batting: RHB J.D. Davis
|
0-0: Swinging Strike 0-1: Called Strike 0-2: Ball 1-2: Strikes out swinging
|
Batting: RHB Jean Segura
|
0-0: Foul Ball, location: 2F 0-1: Fly out, F8 (Flyball, 8RM) Runner from 3rd tags up, SCORES, throw by CF
|
Batting: RHB Starling Marte
|
0-0: Called Strike 0-1: Ball 1-1: Foul Ball, location: 2F 1-2: Strikes out looking
|
Top of the 2nd over - 1 run, 2 hits, 0 errors, 1 left on base; Detroit 3 - Houston 0 |
BOTTOM OF THE 2ND |
Houston Astros batting - Pitching for Detroit Tigers : RHP Mike Clevinger
|
Batting: RHB Trey Mancini
|
0-0: Ball 1-0: Foul Ball, location: 2F 1-1: Called Strike 1-2: Ball 2-2: Ball 3-2: Strikes out looking
|
Batting: LHB Gregory Polanco
|
0-0: Ball 1-0: Ball 2-0: Called Strike 2-1: SINGLE (Groundball, 6D)
|
Batting: LHB Dominic Smith
|
0-0: Ball 1-0: Called Strike 1-1: Ball 2-1: Ball 3-1: Called Strike 3-2: Strikes out swinging Gregory Polanco is caught stealing 2nd base 2-6 Batter strikes out.
|
Bottom of the 2nd over - 0 runs, 1 hit, 0 errors, 0 left on base; Detroit 3 - Houston 0 |
TOP OF THE 3RD |
Detroit Tigers batting - Pitching for Houston Astros : LHP Blake Snell
|
Batting: RHB Jake Marisnick
|
0-0: Called Strike 0-1: Ball 1-1: Foul Ball, location: 2F 1-2: Foul Ball, location: 2F 1-2: DOUBLE (Line Drive, 7LD)
|
Batting: RHB Khris Davis
|
0-0: Called Strike 0-1: Ball 1-1: Swinging Strike 1-2: Fly out, F9 (Flyball, 9S)
|
Batting: RHB Aaron Altherr
|
0-0: Swinging Strike 0-1: Ball 1-1: Ball 2-1: Swinging Strike 2-2: Foul Ball, location: 2F 2-2: Ball Wild Pitch! Jake Marisnick to third 3-2: SINGLE (Groundball, 34) (infield hit) Jake Marisnick scores
|
Batting: RHB J.T. Realmuto
|
0-0: Fly out, F8 (Flyball, 8LM)
|
Batting: LHB Pedro Alvarez
|
0-0: 2-RUN HOME RUN (Flyball, 89XD), Distance : 436 ft
|
Batting: LHB Kolten Wong
|
0-0: Called Strike 0-1: Ball 1-1: Swinging Strike 1-2: Strikes out looking
|
Top of the 3rd over - 3 runs, 3 hits, 0 errors, 0 left on base; Detroit 6 - Houston 0 |
BOTTOM OF THE 3RD |
Houston Astros batting - Pitching for Detroit Tigers : RHP Mike Clevinger
|
Batting: LHB Colin Moran
|
0-0: Ball 1-0: Ball 2-0: Ball 3-0: Base on Balls
|
Batting: LHB Jason Heyward
|
0-0: Called Strike 0-1: SINGLE (Groundball, 4MD) Colin Moran to second
|
Batting: LHB Omar Narvaez
|
0-0: Swinging Strike 0-1: Called Strike 0-2: Ball 1-2: Ball 2-2: Grounds into double play, 4-6-3 (Groundball, 34) Colin Moran to third
|
Batting: LHB Bradley Zimmer
|
0-0: Called Strike 0-1: Called Strike 0-2: Ball 1-2: SINGLE (Line Drive, 6D) Colin Moran scores
|
Batting: RHB Xander Bogaerts
|
0-0: Ball 1-0: Ball Bradley Zimmer steals 2nd base 2-0: Ground out 6-3 (Groundball, 6)
|
Bottom of the 3rd over - 1 run, 2 hits, 0 errors, 1 left on base; Detroit 6 - Houston 1 |
TOP OF THE 4TH |
Detroit Tigers batting - Pitching for Houston Astros : LHP Blake Snell
|
Batting: RHB J.D. Davis
|
0-0: Ball 1-0: DOUBLE (Line Drive, 5D)
|
Batting: RHB Jean Segura
|
0-0: Fly out, F9 (Line Drive, 9)
|
Batting: RHB Starling Marte
|
0-0: Ball 1-0: Ball 2-0: Foul Ball, location: 2F 2-1: Foul Ball, location: 2F 2-2: Strikes out swinging
|
Batting: RHB Jake Marisnick
|
0-0: Fly out, F7 (Flyball, 7D)
|
Top of the 4th over - 0 runs, 1 hit, 0 errors, 1 left on base; Detroit 6 - Houston 1 |
BOTTOM OF THE 4TH |
Houston Astros batting - Pitching for Detroit Tigers : RHP Mike Clevinger
|
Batting: LHB Rougned Odor
|
0-0: Called Strike 0-1: Ball 1-1: Swinging Strike 1-2: Ground out 6-3 (Groundball, 4M)
|
Batting: RHB Trey Mancini
|
0-0: Ball 1-0: Ball 2-0: Called Strike 2-1: Ball 3-1: Base on Balls
|
Batting: LHB Gregory Polanco
|
0-0: Called Strike 0-1: Reached on error, E5 (Popup, 56S) Trey Mancini to second
|
Batting: LHB Dominic Smith
|
0-0: Called Strike 0-1: Ball 1-1: Ball 2-1: Fly out, F7 (Flyball, 7S)
|
Batting: LHB Colin Moran
|
0-0: Called Strike 0-1: Ball 1-1: Foul Ball, location: 2F 1-2: Ball 2-2: Fly out, F9 (Line Drive, 9D)
|
Bottom of the 4th over - 0 runs, 0 hits, 1 error, 2 left on base; Detroit 6 - Houston 1 |
TOP OF THE 5TH |
Detroit Tigers batting - Pitching for Houston Astros : LHP Blake Snell
|
Batting: RHB Khris Davis
|
0-0: Called Strike 0-1: Swinging Strike 0-2: Strikes out swinging
|
Batting: RHB Aaron Altherr
|
0-0: Ball 1-0: Foul Ball, location: 2F 1-1: Fly out, F7 (Flyball, 7LSF)
|
Batting: RHB J.T. Realmuto
|
0-0: Called Strike 0-1: Swinging Strike 0-2: Strikes out swinging
|
Top of the 5th over - 0 runs, 0 hits, 0 errors, 0 left on base; Detroit 6 - Houston 1 |
BOTTOM OF THE 5TH |
Houston Astros batting - Pitching for Detroit Tigers : RHP Mike Clevinger
|
Batting: LHB Jason Heyward
|
0-0: Ball 1-0: Called Strike 1-1: Foul Ball, location: 2F 1-2: Foul Ball, location: 2F 1-2: Strikes out swinging
|
Batting: LHB Omar Narvaez
|
0-0: Ball 1-0: Swinging Strike 1-1: Ball 2-1: Fly out, F9 (Flyball, 9LSF)
|
Batting: LHB Bradley Zimmer
|
0-0: Ball 1-0: Ball 2-0: Ball 3-0: Swinging Strike 3-1: Called Strike 3-2: Strikes out looking
|
Bottom of the 5th over - 0 runs, 0 hits, 0 errors, 0 left on base; Detroit 6 - Houston 1 |
TOP OF THE 6TH |
Detroit Tigers batting - Pitching for Houston Astros : LHP Blake Snell
|
Batting: LHB Pedro Alvarez
|
0-0: Swinging Strike 0-1: Called Strike 0-2: Ball 1-2: SINGLE (Line Drive, 89S)
|
Batting: LHB Kolten Wong
|
0-0: Ball 1-0: Ground out 5-3 (Groundball, 56) Pedro Alvarez to second
|
Batting: RHB J.D. Davis
|
0-0: Ball 1-0: Ball 2-0: Called Strike 2-1: Ball 3-1: Base on Balls
|
Batting: RHB Jean Segura
|
0-0: Ball 1-0: DOUBLE (Line Drive, 78M) Pedro Alvarez scores J.D. Davis to third
|
Pitching: LHP Jairo Labourt
|
|
Batting: RHB Starling Marte
|
0-0: Ball 1-0: Ball 2-0: Ball 3-0: Called Strike 3-1: Base on Balls
|
Batting: RHB Jake Marisnick
|
0-0: Ball 1-0: Foul Ball, location: 2F 1-1: Ball 2-1: Foul Ball, location: 2F 2-2: Ball 3-2: Strikes out swinging
|
Batting: RHB Khris Davis
|
0-0: Ball 1-0: Swinging Strike 1-1: Called Strike 1-2: Ball 2-2: Foul Ball, location: 2F 2-2: Ball 3-2: Foul Ball, location: 2F 3-2: Strikes out swinging
|
Top of the 6th over - 1 run, 2 hits, 0 errors, 3 left on base; Detroit 7 - Houston 1 |
BOTTOM OF THE 6TH |
Houston Astros batting - Pitching for Detroit Tigers : RHP Mike Clevinger
|
Batting: RHB Xander Bogaerts
|
0-0: Called Strike 0-1: Swinging Strike 0-2: Foul Ball, location: 2F 0-2: Ball 1-2: Ball 2-2: SOLO HOME RUN (Flyball, 78XD), Distance : 425 ft
|
Batting: LHB Rougned Odor
|
0-0: Called Strike 0-1: Foul Ball, location: 2F 0-2: Ball 1-2: Foul Ball, location: 2F 1-2: Ball 2-2: Foul Ball, location: 2F 2-2: Ball 3-2: Strikes out swinging
|
Batting: RHB Trey Mancini
|
0-0: Ball 1-0: SINGLE (Line Drive, 7S)
|
Pitching: RHP A.J. Schugel
|
|
Batting: LHB Gregory Polanco
|
0-0: DOUBLE (Line Drive, 5D) Trey Mancini to third Runner from 3rd tries for Home, SAFE, throw by LF to trailing runner, SAFE at third!
|
Batting: LHB Dominic Smith
|
0-0: Ground out 4-3 (Groundball, 4) Gregory Polanco scores
|
Batting: LHB Colin Moran
|
0-0: Ball 1-0: Fly out, F9 (Flyball, 89S)
|
Bottom of the 6th over - 3 runs, 3 hits, 0 errors, 0 left on base; Detroit 7 - Houston 4 |
TOP OF THE 7TH |
Detroit Tigers batting - Pitching for Houston Astros : LHP Jairo Labourt
|
Pitching: RHP Jimmy Herget
|
|
Batting: RHB Aaron Altherr
|
0-0: Foul Ball, location: 2F 0-1: Ball 1-1: Ball 2-1: Called Strike 2-2: Ball 3-2: Strikes out swinging
|
Batting: RHB J.T. Realmuto
|
0-0: Ball 1-0: Foul Ball, location: 2F 1-1: Ball 2-1: Fly out, F5 (Line Drive, 5)
|
Batting: LHB Pedro Alvarez
|
0-0: Foul Ball, location: 2F 0-1: Ball 1-1: Ball 2-1: Ball 3-1: Base on Balls
|
Batting: LHB Kolten Wong
|
0-0: Ball 1-0: Ball 2-0: Ball 3-0: Base on Balls Pedro Alvarez to second
|
Pitching: RHP Jose A. Ramirez
|
|
Batting: RHB J.D. Davis
|
0-0: Ball 1-0: Ball 2-0: Ball 3-0: Called Strike 3-1: Base on Balls Pedro Alvarez to third Kolten Wong to second
|
Batting: RHB Jean Segura
|
0-0: Ball 1-0: Fly out, F7 (Flyball, 7D)
|
Top of the 7th over - 0 runs, 0 hits, 0 errors, 3 left on base; Detroit 7 - Houston 4 |
BOTTOM OF THE 7TH |
Houston Astros batting - Pitching for Detroit Tigers : RHP A.J. Schugel
|
Batting: LHB Jason Heyward
|
0-0: Called Strike 0-1: Ground out 6-3 (Groundball, 4M)
|
Batting: LHB Omar Narvaez
|
0-0: Ball 1-0: Ground out 4-3 (Groundball, 4)
|
Batting: LHB Bradley Zimmer
|
0-0: Ball 1-0: Ball 2-0: Ball 3-0: Called Strike 3-1: SINGLE (Groundball, 56D)
|
Batting: RHB Xander Bogaerts
|
0-0: Ball 1-0: Fielders Choice at 2nd, 6-4 (Groundball, 6)
|
Bottom of the 7th over - 0 runs, 1 hit, 0 errors, 1 left on base; Detroit 7 - Houston 4 |
TOP OF THE 8TH |
Detroit Tigers batting - Pitching for Houston Astros : RHP Jose A. Ramirez
|
Batting: RHB Starling Marte
|
0-0: Swinging Strike 0-1: Ball 1-1: Ball 2-1: SINGLE (Line Drive, 78S)
|
Batting: RHB Jake Marisnick
|
0-0: DOUBLE (Line Drive, 5D) Starling Marte to third
|
Batting: RHB Khris Davis
|
0-0: Intentional Walk
|
Batting: RHB Aaron Altherr
|
0-0: Ball 1-0: Called Strike 1-1: Fly out, F9 (Flyball, 9LM) Runner from 3rd tags up, SCORES, throw by RF
|
Pitching: RHP Jose Urena
|
|
Batting: RHB J.T. Realmuto
|
0-0: Ball 1-0: Called Strike 1-1: Fly out, F8 (Line Drive, 8LD)
|
Batting: LHB Pedro Alvarez
|
0-0: Ball 1-0: Called Strike 1-1: Called Strike 1-2: Strikes out swinging
|
Top of the 8th over - 1 run, 2 hits, 0 errors, 2 left on base; Detroit 8 - Houston 4 |
BOTTOM OF THE 8TH |
Houston Astros batting - Pitching for Detroit Tigers : RHP A.J. Schugel
|
Pitching: RHP Hector Neris
|
|
Batting: LHB Rougned Odor
|
0-0: Called Strike 0-1: Called Strike 0-2: Ball 1-2: Ball 2-2: SINGLE (Line Drive, 9S)
|
Batting: RHB Trey Mancini
|
0-0: Fly out, F7 (Flyball, 7D)
|
Batting: LHB Gregory Polanco
|
0-0: Ball 1-0: Ball 2-0: Foul Ball, location: 2F 2-1: Ball 3-1: Foul Ball, location: 2F 3-2: Foul Ball, location: 2F 3-2: Strikes out swinging
|
Batting: LHB Dominic Smith
|
0-0: Ball 1-0: Ground out 4-3 (Groundball, 34D)
|
Bottom of the 8th over - 0 runs, 1 hit, 0 errors, 1 left on base; Detroit 8 - Houston 4 |
TOP OF THE 9TH |
Detroit Tigers batting - Pitching for Houston Astros : RHP Jose Urena
|
Pitching: LHP Chris Rusin
|
|
Batting: LHB Kolten Wong
|
0-0: Called Strike 0-1: Ground out 6-3 (Groundball, 56)
|
Batting: RHB J.D. Davis
|
0-0: Ball 1-0: Foul Ball, location: 2F 1-1: Foul Ball, location: 2F 1-2: SOLO HOME RUN (Flyball, 9D), Distance : 364 ft
|
Batting: RHB Jean Segura
|
0-0: Called Strike 0-1: Ball 1-1: Ball 2-1: Foul Ball, location: 2F 2-2: Foul Ball, location: 2F 2-2: Ground out 4-3 (Groundball, 34)
|
Batting: RHB Starling Marte
|
0-0: Called Strike 0-1: Fly out, F5 (Line Drive, 5)
|
Top of the 9th over - 1 run, 1 hit, 0 errors, 0 left on base; Detroit 9 - Houston 4 |
BOTTOM OF THE 9TH |
Houston Astros batting - Pitching for Detroit Tigers : RHP Hector Neris
|
Now at C: Elias Diaz
|
|
Batting: LHB Colin Moran
|
0-0: Ball 1-0: Ball 2-0: Ball 3-0: Called Strike 3-1: Foul Ball, location: 2F 3-2: Base on Balls
|
Batting: LHB Jason Heyward
|
0-0: Ball 1-0: Ball 2-0: Called Strike 2-1: Ball 3-1: Foul Ball, location: 2F 3-2: Fly out, F9 (Flyball, 89D)
|
Pitching: LHP Will Smith
|
|
Batting: LHB Omar Narvaez
|
0-0: Ball 1-0: Ball 2-0: Called Strike 2-1: Fly out, F4 (Flyball, 3D)
|
Batting: LHB Bradley Zimmer
|
0-0: Called Strike 0-1: Swinging Strike 0-2: Strikes out looking
|
Bottom of the 9th over - 0 runs, 0 hits, 0 errors, 1 left on base; Detroit 9 - Houston 4 |
|